 Dungeon Crawl Stone Soup version 0.30-b1-2-g02819fbbbe (webtiles) character file.

Game seed: 13578088163690109633

78491 MisterFreud the Black Belt (level 14, -1/126 HPs)
             Began as a Pale Draconian Transmuter on June 21, 2023.
             Was the Champion of Ru.
             Shot with an arrow by a centaur warrior (22 damage)
             ... on level 14 of the Dungeon.
             The game lasted 00:36:16 (21899 turns).

MisterFreud the Black Belt (DrTm)                  Turns: 21899, Time: 00:36:17

Health: -1/126     AC: 12    Str: 19    XL:     14   Next: 18%
Magic:  20/24      EV: 23    Int: 17    God:    Ru [******]
Gold:   1342       SH:  5    Dex: 17    Spells: 15/27 levels left

rFire   . .          .
                       - Unarmed
rCold   . . .        M - melded +2 kite shield {rC+}
rNeg    . . .        (body armour unavailable)
rPois   .            (helmet restricted)
rElec   .            P - +1 cloak of Dogma {Harm Str+2 Slay+4}
rCorr   .            R - melded +1 pair of gloves of Proximity {rN+}
SInv    .            g - +1 pair of boots
Will    +....        u - amulet of reflection
Stlth   +++          X - ring "Kekoc" {*Corrode Will+ Str+4 Dex+4 Stlth+}
HPRegen 0.41/turn    l - +5 ring of evasion
MPRegen 0.19/turn

%: corrode self (3%), harm (+30% outgoing, +20% incoming), reflection
@: blade hands, slowed, very slow
A: breathe steam, AC +8, unfitting armour, cold-blooded, hated by all,
weak-willed 1, unskilled 1, inexperienced 1, steam resistance
a: Breathe Steam, End Transformation, Renounce Religion, Draw Out Power, Power
Leap, Apocalypse


You were on level 14 of the Dungeon.
You worshipped Ru.
Ru was exalted by your worship.
You had blades for hands.
You visited 2 branches of the dungeon, and saw 19 of its levels.
You also visited: Gauntlet and Ice Cave.

You collected 1472 gold pieces.
You spent 130 gold pieces at shops.

Inventory:

Missiles
 h - 9 boomerangs
 k - 19 poisoned darts
 r - a throwing net
 w - a curare-tipped dart
 D - 6 javelins
 S - 10 silver javelins
Armour
 g - a +1 pair of boots (worn)
 M - a +2 kite shield of cold resistance (melded)
 P - the +1 cloak of Dogma (worn) {Harm Str+2 Slay+4}
   (You found it in an ice cave)

   Str:       It affects your strength (+2).
   Slay:      It affects your accuracy & damage with ranged weapons and melee
   (+4).
   Harm:      It increases damage dealt and taken.
 R - the +1 pair of gloves of Proximity (melded) {rN+}
   (You found it in a Gauntlet)

   rN:        It protects you from negative energy.
Jewellery
 j - a ring of wizardry
 l - a +5 ring of evasion (right blade hand)
 n - an amulet of magic regeneration
 u - an amulet of reflection (around neck)
 y - a +4 ring of protection
 L - a ring of ice
 N - the ring "Zaenn" {Ice SInv}
   (You found it in an ice cave)

   [ring of ice]

   It enhances your ice magic.
   rF:        It makes you vulnerable to fire.
   rC:        It protects you from cold.
   SInv:      It lets you see invisible.
 O - the ring "Isigunon" {Ice MP+9}
   (You found it in an ice cave)

   [ring of ice]

   It enhances your ice magic.
   rF:        It makes you vulnerable to fire.
   rC:        It protects you from cold.
   MP:        It affects your magic capacity (+9).
 Q - a ring of fire
 X - the ring "Kekoc" (left blade hand) {*Corrode Will+ Str+4 Dex+4 Stlth+}
   (You found it on level 5 of the Lair of Beasts)

   [ring of willpower]

   Str:       It affects your strength (+4).
   Dex:       It affects your dexterity (+4).
   *Corrode:  It may corrode you when you take damage.
   Will:      It increases your willpower.
   Stlth:     It makes you more stealthy.
 Z - a +6 ring of strength
Wands
 v - a wand of charming (15)
 A - a wand of mindburst (11)
 U - a wand of roots (4)
 V - a wand of quicksilver (8)
Scrolls
 f - 3 scrolls of fog
 i - 2 scrolls of teleportation
 m - 3 scrolls of enchant weapon
 o - 7 scrolls of identify
 q - 2 scrolls of amnesia
 B - 4 scrolls of magic mapping
 C - 5 scrolls of blinking
 H - 3 scrolls of enchant armour
 I - 4 scrolls of fear
 K - a scroll of brand weapon
 W - 2 scrolls of poison
Potions
 a - 4 potions of lignification
 b - 2 potions of haste
 c - 3 potions of heal wounds
 d - 4 potions of magic
 e - a potion of ambrosia
 p - 4 potions of might
 s - 6 potions of curing
 t - 6 potions of flight
 x - 3 potions of invisibility
 z - 3 potions of mutation
 E - 2 potions of attraction
 F - 3 potions of brilliance
 G - a potion of cancellation
 J - a potion of berserk rage
 Y - 3 potions of resistance
Miscellaneous
 T - a phial of floods


   Skills:
 - Level 12.0 Fighting
 - Level 10.0 Dodging
 - Level 15.0 Unarmed Combat
 + Level 7.0 Spellcasting
 + Level 11.7 Transmutations
 - Level 3.6 Ice Magic


You had 15 spell levels left.
You knew the following spells:

 Your Spells              Type           Power      Damage    Failure   Level
a - Blade Hands           Tmut           22%        N/A       24%         5
b - Ice Form              Ice/Tmut       32%        N/A       32%         4
c - Spider Form           Tmut/Pois      25%        N/A       26%         3

Your spell library contained the following spells:

 Spells                   Type           Power      Damage    Failure   Level
 Beastly Appendage        Tmut           90%        N/A       7%          1
 Wereblood                Tmut           45%        N/A       8%          2
 Frozen Ramparts          Ice            36%        1d6       41%         3
 Ozocubu's Armour         Ice            18%        N/A       41%         3
 Apportation              Tloc           10%        N/A       50%         1
 Necrotise                Necr           20%        1d5       50%         1
 Slow                     Hex            20%        N/A       50%         1
 Blink                    Tloc           10%        N/A       58%         2
 Lesser Beckoning         Tloc           10%        N/A       58%         2
 Momentum Strike          Conj/Tloc      10%        3d8       58%         2
 Confusing Touch          Hex            5%         N/A       77%         3
 Portal Projectile        Hex/Tloc       10%        N/A       77%         3
 Vampiric Draining        Necr           5%         2d6       77%         3
 Metabolic Englaciation   Hex/Ice        6%         N/A       98%         5
 Ozocubu's Refrigeration  Ice            9%         4d9       100%        7
 Summon Small Mammal      Summ           Unusable   N/A       N/A         1
 Tukima's Dance           Hex            Unusable   N/A       N/A         3
 Summon Ice Beast         Ice/Summ       Unusable   N/A       N/A         4
 Simulacrum               Ice/Necr       Unusable   N/A       N/A         6

Dungeon Overview and Level Annotations

Branches:
Dungeon (14/15)            Temple (0/1) D:6            Lair (5/5) D:10
 Shoals (0/4) Lair:3       Spider (0/4) Lair:3        Slime (0/5) Lair:4
 Vaults (0/5) D:13          IceCv (visited)         Gauntlet (visited)
    Orc: D:9-12

Altars:
Ashenzari
Dithmenos
Gozag
Okawaru
Qazlal
Ru
Trog
Uskayaw
Wu Jian
Zin
The Shining One

Shops:
D:4 !   D:11 !

Annotations:
D:14 Roxanne
Lair:3 3 runed translucent doors, Vorhees's ghost, journeyman GnHu
Lair:5 3 runed translucent doors, Thantalas's ghost, journeyman DEEE


Innate Abilities, Weirdness & Mutations

You have blades for hands.
Your spellcasting is less reliable in this form.
You are incapable of wielding weapons or throwing items.
You can breathe blasts of scalding, opaque steam.
Your pale cyan-grey scales are hard. (AC +8)
You cannot fit into any form of body armour.
You are cold-blooded and may be slowed by cold attacks.
You are hated by all.
You are slightly weak-willed. (Will-)
You are somewhat unskilled. (-1 Apt)
You are somewhat inexperienced. (-1 XL)
You are immune to the effects of steam.


Message History

Your surroundings suddenly seem different.
A cyclops comes into view.
Found 44 gold pieces, a scroll of amnesia and a potion of haste.
Found a stone staircase leading up.
Casting: Blade Hands (dangerous; 8% risk of failure)
Confirm with . or Enter, or press ? or * to list all spells.
Your hands turn into razor-sharp scythe blades.
The +1 pair of gloves of Proximity {rN+} melds into your body.
Your +2 kite shield of cold resistance melds into your body.
You feel less resistant to cold.
The cyclops shouts!
The cyclops throws a large rock.
The large rock misses you.
You hear a shout!
Unknown command.
Found a stone staircase leading down.
You hit the cyclops.
You tail-slap the cyclops, but do no damage.
The cyclops is lightly wounded.
You block the cyclops's attack.
You slice the cyclops!!
The cyclops is heavily wounded.
The cyclops misses you.
You hit the cyclops but do no damage. You slash the cyclops!
The cyclops is severely wounded.
You shred the cyclops!!!
You kill the cyclops!
Your Spellcasting skill increases to level 7!
A centaur warrior comes into view.
A centaur comes into view.
The centaur warrior wields a +0 longbow.
The centaur warrior shoots an arrow.
The arrow hits you!!
* * * LOW HITPOINT WARNING * * *
You focus your inner power and illuminate the centaur warrior in retribution!
The centaur moves out of view.
Things that are here:
5 large rocks; a cyclops corpse The centaur warrior shoots an arrow.
You block the arrow with an invisible shield... and reflect it back!
The arrow hits the centaur warrior!!
The centaur warrior shoots an arrow.
The arrow hits you!!
You die...

≈≈≈≈≈≈≈≈≈≈≈≈≈≈≈≈
≈≈≈≈≈≈≈≈≈≈≈≈≈≈≈≈≈
≈≈≈≈≈≈≈≈≈≈≈≈≈≈≈≈≈
≈≈≈≈≈≈≈≈≈≈≈≈≈≈≈≈≈
#############~≈≈≈
..$......$...≈≈≈≈
.............~≈≈≈
........@....≈≈≈≈
.......(.....~≈≈≈
...$.........~≈≈≈
.............~~≈≈
........?....~≈≈≈
.c.........!.≈≈≈≈
.>...........~≈≈≈
#############≈≈≈≈
≈≈≈≈≈≈≈≈≈≈≈≈≈≈≈≈


You could see a centaur warrior (corona).

Vanquished Creatures
  2 azure jellies (IceCv)
  2 quicksilver oozes (IceCv)
  A minotaur (Gauntlet)
  Josephine (D:10)
  A vault guard (D:13)
  A great orb of eyes (Gauntlet)
  2 hydras
  2 boulder beetles (D:13)
  4 centaur warriors (D:13)
  4 two-headed ogres
  9 death yaks (Lair:2)
  11 spriggans (Lair:5)
  Nergalle (D:10)
  3 skysharks
  An orange crystal statue (Gauntlet)
  Pikel (D:8)
  2 harpies (Lair:3)
  An ugly thing (Gauntlet)
  An oklob plant (Lair:5)
  A manticore (D:13)
  3 cyclopes
  A torpor snail (Lair:4)
  4 black mambas
  24 elephants
  Joseph (D:10)
  2 ice statues (IceCv)
  13 cane toads
  2 gargoyles
  An efreet (D:13)
  4 rime drakes
  2 unseen horrors
  12 komodo dragons
  2 kobold demonologists (D:10)
  2 burning bushes (Lair:3)
  10 hornets
  2 trolls (D:11)
  Grinder (D:6)
  5 polar bears (Lair:5)
  10 dream sheep
  13 blink frogs
  19 slime creatures
  Sigmund (D:6)
  7 wraiths
  A centaur simulacrum (D:13)
  3 shadows
  47 yaks
  3 basilisks
  2 wyverns
  Eustachio (D:6)
  A steam dragon (D:7)
  6 vampire mosquitoes
  Edmund (D:4)
  3 acid dragons
  Duvessa (D:6)
  3 orc warriors
  12 water moccasins
  4 sky beasts (D:7)
  An ice beast (D:8)
  3 black bears
  A great orb of eyes simulacrum (IceCv)
  An ogre (D:5)
  3 boggarts (Lair:5)
  14 centaurs
  24 wolves
  2 slime creature simulacra (IceCv)
  Blork the orc (D:6)
  3 kobold brigands
  7 bullfrogs
  6 scorpions
  4 glowing shapeshifter simulacra (IceCv)
  3 gnoll sergeants
  8 wights
  Dowan (D:6)
  6 killer bees
  5 electric eels
  8 howler monkeys
  A jelly (D:5)
  4 hounds
  9 orc priests
  2 gnoll boudas
  2 iguanas
  A sleepcap (D:5)
  11 orc wizards
  3 shapeshifter simulacra (IceCv)
  19 gnolls
  8 adders
  2 shadow imps
  3 white imps
  A worm (D:2)
  30 orcs
  8 endoplasms
  A giant cockroach (D:1)
  6 goblins
  9 hobgoblins
  2 jackals (D:5)
  12 kobolds
  2 quokkas (D:3)
  6 ball pythons
  2 bats
  2 frilled lizards (D:2)
  5 rats
532 creatures vanquished.

Vanquished Creatures (others)
  A boulder beetle (D:13)
  A manticore (D:12)
  35 fungi
  67 plants
104 creatures vanquished.

Grand Total: 636 creatures vanquished

Notes
Turn   | Place    | Note
-------+----------+-------------------------------------------
     0 | D:1      | MisterFreud the Draconian Transmuter began the quest for
                  | the Orb.
     0 | D:1      | Reached XP level 1. HP: 16/16 MP: 3/3
   204 | D:1      | Reached XP level 2. HP: 23/23 MP: 5/5
   711 | D:2      | Reached XP level 3. HP: 21/28 MP: 6/6
   862 | D:2      | Learned a level 3 spell: Spider Form
  1203 | D:2      | Reached XP level 4. HP: 33/35 MP: 7/7
  2285 | D:4      | Noticed Edmund
  2285 | D:4      | Noticed a black bear
  2305 | D:4      | Found Voufymou's Distillery.
  2306 | D:4      | Noticed a scorpion
  2317 | D:4      | Killed a scorpion
  2318 | D:4      | Reached skill level 5 in Transmutations
  2318 | D:4      | Reached XP level 5. HP: 38/41 MP: 8/8
  2330 | D:4      | Bought a potion of heal wounds for 65 gold pieces
  2330 | D:4      | Bought a potion of heal wounds for 65 gold pieces
  2413 | D:4      | Killed a black bear
  2414 | D:4      | Reached skill level 4 in Unarmed Combat
  2414 | D:4      | Reached XP level 6. HP: 50/51 MP: 9/9
  2504 | D:4      | Killed Edmund
  2630 | D:4      | Reached skill level 5 in Unarmed Combat
  2948 | D:4      | Learned a level 4 spell: Ice Form
  2966 | D:5      | Entered Level 5 of the Dungeon
  3001 | D:5      | Your scales start taking on a pale cyan-grey colour.
  3001 | D:5      | Reached XP level 7. HP: 56/59 MP: 10/10
  3001 | D:5      | Gained mutation: You are immune to the effects of steam.
                  | [Pale Draconian growth]
  3030 | D:5      | Reached skill level 6 in Unarmed Combat
  3041 | D:5      | Reached skill level 1 in Ice Magic
  3095 | D:5      | Found a glowing golden altar of the Shining One.
  3099 | D:5      | Found an ornate altar of the Wu Jian Council.
  3104 | D:5      | Found a hide-covered altar of Uskayaw.
  3146 | D:5      | Found an iron altar of Okawaru.
  3152 | D:5      | Found a blossoming altar of Fedhas.
  3413 | D:5      | Found a sacrificial altar of Ru.
  3468 | D:5      | Became a worshipper of Ru the Awakened
  3626 | D:5      | Found a bloodstained altar of Trog.
  3785 | D:5      | Reached XP level 8. HP: 66/66 MP: 11/11
  4432 | D:6      | Noticed Grinder
  4436 | D:6      | Noticed Sigmund
  4442 | D:6      | Killed Grinder
  4446 | D:6      | Killed Sigmund
  4554 | D:6      | Found a staircase to the Ecumenical Temple.
  4747 | D:6      | Noticed Blork the orc
  4752 | D:6      | Reached skill level 5 in Dodging
  4759 | D:6      | Killed Blork the orc
  4767 | D:6      | Reached XP level 9. HP: 69/71 MP: 12/12
  4772 | D:6      | Found a broken altar of Ashenzari.
  4836 | D:6      | Noticed Eustachio
  4840 | D:6      | Killed Eustachio
  4977 | D:6      | Noticed Duvessa
  4977 | D:6      | Noticed Dowan
  4982 | D:6      | Killed Dowan
  4987 | D:6      | Killed Duvessa
  5405 | D:7      | Learned a level 5 spell: Blade Hands
  5408 | D:7      | Gained mutation: You are slightly weak-willed. (Will-) [Ru
                  | sacrifice]
  5408 | D:7      | Reached * piety under Ru
  5790 | D:7      | Found a stormy altar of Qazlal.
  6092 | D:7      | Found a glowing silver altar of Zin.
  6336 | D:8      | Reached skill level 7 in Unarmed Combat
  6688 | D:8      | Reached XP level 10. HP: 66/78 MP: 14/16
  6832 | D:8      | Noticed Pikel
  6841 | D:8      | Killed Pikel
  6842 | D:8      | Reached skill level 8 in Unarmed Combat
  7292 | D:9      | Reached skill level 10 in Transmutations
  7355 | D:9      | Reached skill level 9 in Unarmed Combat
  7583 | D:9      | Found an opulent altar of Gozag.
  7619 | D:9      | Noticed a two-headed ogre
  7630 | D:9      | Killed a two-headed ogre
  7631 | D:9      | Reached skill level 10 in Unarmed Combat
  7631 | D:9      | Reached skill level 5 in Fighting
  7810 | D:9      | Found a shadowy altar of Dithmenos.
  7885 | D:9      | You fall into a shaft and drop 2 floors!
  7887 | D:11     | Found a shadowy altar of Dithmenos.
  7991 | D:10     | Entered Level 10 of the Dungeon
  8005 | D:10     | Reached XP level 11. HP: 74/91 MP: 14/17
  8063 | D:10     | Noticed Nergalle
  8077 | D:10     | Killed Nergalle
  8266 | D:10     | Identified the +1 rapier of Plunder {vamp, Drain rElec
                  | Str+4 Dex+3}
  8277 | D:10     | Gained mutation: You are somewhat unskilled. (-1 Apt) [Ru
                  | sacrifice]
  8277 | D:10     | Reduced skill Dodging to level 5
  8277 | D:10     | Reduced skill Unarmed Combat to level 9
  8277 | D:10     | Reached ** piety under Ru
  8277 | D:10     | Reached *** piety under Ru
  8395 | D:10     | Noticed Josephine
  8400 | D:10     | Noticed a sun demon
  8612 | D:10     | Killed Josephine
  8794 | D:10     | Noticed Joseph
  8800 | D:10     | Killed Joseph
  8968 | D:10     | Found a staircase to the Lair.
  9499 | Lair:1   | Entered Level 1 of the Lair of Beasts
  9946 | Lair:1   | Reached skill level 10 in Unarmed Combat
  9946 | Lair:1   | Reached skill level 10 in Transmutations
 10708 | Lair:2   | Reached XP level 12. HP: 82/101 MP: 12/18
 10998 | Lair:2   | Noticed a death yak
 10999 | Lair:2   | Noticed a death yak
 11003 | Lair:2   | Noticed a death yak
 11004 | Lair:2   | Noticed a death yak
 11007 | Lair:2   | Noticed a death yak
 11007 | Lair:2   | Noticed a death yak
 11027 | Lair:2   | Killed a death yak
 11031 | Lair:2   | Killed a death yak
 11037 | Lair:2   | Killed a death yak
 11042 | Lair:2   | Noticed a death yak
 11043 | Lair:2   | Killed a death yak
 11044 | Lair:2   | Noticed a death yak
 11047 | Lair:2   | Noticed a death yak
 11051 | Lair:2   | Killed a death yak
 11055 | Lair:2   | Killed a death yak
 11056 | Lair:2   | Reached skill level 10 in Dodging
 11061 | Lair:2   | Killed a death yak
 11066 | Lair:2   | Killed a death yak
 11071 | Lair:2   | Killed a death yak
 11344 | Lair:2   | Gained mutation: You are hated by all. [Ru sacrifice]
 11344 | Lair:2   | Reached **** piety under Ru
 11344 | Lair:2   | Reached ***** piety under Ru
 11638 | Lair:2   | Reached skill level 11 in Unarmed Combat
 12232 | Lair:3   | Reached XP level 13. HP: 84/107 MP: 15/19
 12424 | Lair:3   | Found a runed translucent gate.
 12425 | Lair:3   | Found a runed translucent gate.
 12426 | Lair:3   | Found a runed translucent gate.
 12446 | Lair:3   | Found a staircase to the Shoals.
 12450 | Lair:3   | Reached skill level 12 in Unarmed Combat
 12689 | Lair:3   | Found a hole to the Spider Nest.
 12914 | Lair:3   | Identified the +4 long sword of Ytaym {freeze, rF++}
 12988 | Lair:3   | Noticed Vorhees's ghost (journeyman GnHu)
 13588 | Lair:4   | Reached skill level 13 in Unarmed Combat
 13859 | Lair:4   | Found a frozen archway.
 13869 | Lair:4   | Gained mutation: You are somewhat inexperienced. (-1 XL)
                  | [Ru sacrifice]
 13869 | Lair:4   | Reached XP level 12. HP: 101/101 MP: 18/18
 13869 | Lair:4   | Reached ****** piety under Ru
 13872 | IceCv    | Entered an ice cave
 14171 | IceCv    | Noticed a quicksilver ooze
 14179 | IceCv    | Killed a quicksilver ooze
 14284 | IceCv    | Noticed a quicksilver ooze
 14291 | IceCv    | Killed a quicksilver ooze
 14937 | IceCv    | Reached skill level 14 in Unarmed Combat
 14966 | IceCv    | Noticed an azure jelly
 14976 | IceCv    | Killed an azure jelly
 15004 | IceCv    | Noticed an azure jelly
 15011 | IceCv    | Killed an azure jelly
 15023 | IceCv    | Got the ring "Zaenn" {Ice SInv}
 15027 | IceCv    | Got the ring "Isigunon" {Ice MP+9}
 15028 | IceCv    | Identified the +1 cloak of Dogma {Harm Str+2 Slay+4}
 15031 | IceCv    | Identified the +4 robe of a wizard's laboratory {Dex+5}
 15501 | Lair:4   | Found a staircase to the Slime Pits.
 16029 | Lair:5   | Entered Level 5 of the Lair of Beasts
 16179 | Lair:4   | Reached skill level 15 in Unarmed Combat
 16252 | Lair:5   | Found a gate leading to a gauntlet.
 16277 | Lair:5   | Reached XP level 13. HP: 44/110 MP: 11/19
 16285 | Gauntlet | Entered a Gauntlet
 16285 | Gauntlet | Found a transporter.
 16452 | Gauntlet | Found a transporter.
 16455 | Gauntlet | Found a transporter.
 16460 | Gauntlet | Found a transporter.
 16462 | Gauntlet | Found a transporter.
 16462 | Gauntlet | Found a transporter.
 16488 | Gauntlet | Found a transporter.
 16490 | Gauntlet | Found a transporter.
 16494 | Gauntlet | Found a transporter.
 16516 | Gauntlet | Found a large runed translucent door.
 16528 | Gauntlet | Found a large runed translucent door.
 16532 | Gauntlet | Identified the +1 pair of gloves of Proximity {rN+}
 16549 | Gauntlet | Found a transporter.
 16556 | Gauntlet | Found a large runed translucent door.
 16558 | Gauntlet | Found a large runed translucent door.
 16558 | Gauntlet | Found a large runed translucent door.
 16637 | Gauntlet | Identified the +0 pair of gloves "Vaorphygha" {rN++}
 16810 | Lair:5   | Reached skill level 10 in Fighting
 17824 | Lair:5   | Reached skill level 5 in Spellcasting
 18079 | Lair:5   | Identified the ring "Kekoc" {*Corrode Will+ Str+4 Dex+4
                  | Stlth+}
 18414 | Lair:5   | Noticed Thantalas's ghost (journeyman DEEE)
 18435 | Lair:5   | Found a runed translucent gate.
 18435 | Lair:5   | Found a runed translucent gate.
 18435 | Lair:5   | Found a runed translucent gate.
 19269 | D:11     | Found Pahif's Distillery.
 19986 | D:12     | Identified the +1 leather armour of Crawling {Fly Str+6
                  | Dex+3}
 20369 | D:13     | Reached XP level 14. HP: 88/126 MP: 18/23
 21442 | D:13     | Found a gate to the Vaults.
 21498 | D:13     | Identified the +9 chain mail of the Blessed Realm {rF+
                  | Regen+}
 21872 | D:14     | Identified Roxanne's Volume of Changing
 21872 | D:14     | Noticed Roxanne
 21899 | D:14     | Shot with an arrow by a centaur warrior

Illustrated notes

Levels and vault maps discovered:
D:1:      dpeg_arrival_orchard, layout_rooms, minivault_14
D:2:      layout_basic
D:3:      wander_river, layout_loops_ring, kennysheep_generic_room_11
D:4:      layout_cave_pools, serial_shops, shop, uniq_edmund
D:5:      layout_cave_pods, overflow_temple_1_default,
          mainiacjoe_overflow_surrounded_room, grunt_temple_overflow_diamond,
          nicolae_ru_sacrificial_ziggurat, mainiacjoe_overflow_tiny_flanked,
          minmay_strange_pillars, nicolae_figureground_pulse
D:6:      layout_loops_cross, ashenzari_altar_1, temple_green,
          minmay_misc_feat_alley, uniq_duvessa, uniq_eustachio, uniq_sigmund,
          uniq_grinder, uniq_blork_the_orc
D:7:      layout_loops_ring, nicolae_qazlal_style_of_elements, zin_treasury
D:8:      layout_basic, serial_bayou_pond_b, uniq_pikel
D:9:      layout_irregular_city, lemuel_round_altar,
          nicolae_overflow_crystal_walls
D:10:     layout_loops_cross, david_lair_shrubbed, hangedman_decor_opposing,
          uniq_joseph, uniq_nergalle, uniq_josephine
D:11:     layout_irregular_city, serial_shops, shop,
          nicolae_dithmenos_through_a_glass_darkly
D:12:     layout_roguey, hiddenorc1_lemuel, serial_shops, shop,
          kennysheep_cluttered_room, bh_walls_and_bars
D:13:     layout_stronghold, david_vaults_5
D:14:     layout_cross, uniq_roxanne
Lair:1:   layout_concentric_octagons, nicolae_quartered_pool_super,
          serial_bayou_pond_d, disabler_island, lemuel_fruit_fields,
          lemuel_fruit_fields, infiniplex_staircase_pool_2, lemuel_fruit_tree
Lair:2:   layout_long_grid, grunt_megastairs_1
Lair:3:   layout_cave_pods, nicolae_shoals_entry_roost,
          spider_nest_entry_web_field, gammafunk_ghost_icy, evilmike_ambush
          [evilmike_ambush_outer_basic, evilmike_ambush_inner_pond]
Lair:4:   layout_cave_pods, slime_entry_1, portal_ice_cave_entry_pillars_1,
          infiniplex_staircase_pool
Lair:5:   minmay_lair_end_enchanted_forest, layout_gridlike,
          gauntlet_entry_generic, maelrawn_ghost_gauntlet_escape,
          serial_bayou_lagoon_a, grunt_megastairs_3

Skill      XL: |  1  2  3  4  5  6  7  8  9 10 11 12 13 14 |
---------------+-------------------------------------------+-----
Transmutations | 3 4 5 7 9 10 10 11 | 11.7
Fighting       | 3 4 6 8 12 | 12.0
Unarmed Combat | 4 5 6 7 10 10 15 13 | 15.0
Dodging        | 3 5 6 7 10 | 10.0
Ice Magic      | 2 4 3 |  3.6
Spellcasting   | 4 4 6 7 |  7.0

Action                     |  1- 3 |  4- 6 |  7- 9 | 10-12 | 13-15 || total
---------------------------+-------+-------+-------+-------+-------++-------
  Melee: Unarmed           |   161 |   117 |   263 |   524 |   386 ||  1451
         Tailslap          |    20 |    14 |    34 |   100 |    60 ||   228
         Kick              |     1 |       |       |       |       ||     1
         Punch             |     2 |     1 |     8 |    45 |    40 ||    96
   Cast: Beastly Appendage |     1 |       |       |       |       ||     1
         Spider Form       |     1 |     7 |     7 |       |       ||    15
         Ice Form          |       |       |     4 |     1 |     2 ||     7
         Blade Hands       |       |       |     9 |    62 |    59 ||   130
 Invoke: Sacrifice Essence |       |       |     1 |       |       ||     1
         Sacrifice Skill   |       |       |       |     1 |       ||     1
         Sacrifice Love    |       |       |       |     1 |       ||     1
         Sacrifice Experie |       |       |       |     1 |       ||     1
         Apocalypse        |       |       |       |       |     1 ||     1
Ability: Breathe Steam     |       |       |    18 |    46 |    15 ||    79
    Use: Scroll            |     3 |     8 |     6 |     8 |     4 ||    29
         Potion            |       |       |       |     4 |     1 ||     5
   Stab: Distracted        |       |       |       |     2 |     1 ||     3
         Sleeping          |       |       |       |     1 |     1 ||     2
         Invisible         |       |       |       |     2 |     4 ||     6
         Paralysed         |       |       |       |     2 |     3 ||     5
 Armour: Skin              |    47 |    11 |    50 |    89 |    77 ||   274
  Dodge: Dodged            |   114 |   121 |   199 |   379 |   285 ||  1098
  Block: Other             |       |       |       |    64 |    79 ||   143
         Kite shield       |       |       |       |    10 |    28 ||    38
         Reflection        |       |       |       |     1 |    16 ||    17
